 Dungeon Crawl Stone Soup version 0.29-a0-330-g52719c12eb (webtiles) character file.

Game seed: 10653011323215796523

328 dohliylev the Ruffian (level 6, -3/57 HPs)
             Began as a Troll Warper on May 10, 2022.
             Killed by divine providence
             ... invoked by an orc priest
              (13 damage)
             ... on level 4 of the Dungeon.
             The game lasted 00:05:17 (2400 turns).

dohliylev the Ruffian (Troll Warper)                Turns: 2400, Time: 00:05:17

Health: -3/57      AC:  4    Str: 22    XL:     6   Next: 25%
Magic:  7/7        EV: 10    Int:  9    God:
Gold:   121        SH:  0    Dex:  9    Spells: 5/7 levels left

rFire   . . .      SeeInvis .     - Unarmed
rCold   . . .      Faith    .   (no shield)
rNeg    . . .      Spirit   .   a - +0 robe
rPois   .          Reflect  .   (helmet restricted)
rElec   .          Harm     .   (no cloak)
rCorr   .          Rampage  .   (gloves unavailable)
Will    .....                   (boots unavailable)
Stlth   +.........              (no amulet)
HPRegen 0.99/turn               (no ring)
MPRegen 0.10/turn               (no ring)

@: no status effects
A: large, unfitting armour, claws 3, regeneration 1, shaggy fur 1, tough skin 1
a: no special abilities


You were on level 4 of the Dungeon.
You visited 1 branch of the dungeon, and saw 4 of its levels.

You collected 121 gold pieces.

Inventory:

Missiles
 c - 7 boomerangs of dispersal (quivered)
Armour
 a - a +0 robe (worn)
Wands
 q - a wand of iceblast (8)
Scrolls
 b - a scroll of blinking
 e - a scroll of amnesia {unknown}
 h - 5 scrolls of identify {unknown}
 i - 2 scrolls of brand weapon {unknown}
 j - 2 scrolls of teleportation {unknown}
 l - a scroll of holy word {unknown}
 n - a scroll of vulnerability {unknown}
 o - a scroll of noise {unknown}
Potions
 d - a potion of might {unknown}
 f - a potion of invisibility {unknown}
 g - 3 potions of attraction {unknown}
 k - 2 potions of mutation {unknown}
 m - a potion of cancellation {unknown}
 p - a potion of degeneration {unknown}


   Skills:
 + Level 2.1 Fighting
 + Level 0.8 Throwing
 + Level 2.9 Dodging
 * Level 5.3 Unarmed Combat
 + Level 1.4 Spellcasting
 + Level 2.4 Translocations


You had 5 spell levels left.
You knew the following spells:

 Your Spells              Type           Power      Damage    Failure   Level
a - Blink                 Tloc           10%        N/A       19%         2

Your spell library contained the following spells:

 Spells                   Type           Power      Damage    Failure   Level
 Gell's Gravitas          Tloc           5%         N/A       36%         3
 Lesser Beckoning         Tloc           5%         N/A       36%         3
 Teleport Other           Tloc           5%         N/A       36%         3
 Ensorcelled Hibernation  Hex/Ice        0%         N/A       47%         2
 Conjure Flame            Conj/Fire      0%         6-21      71%         3
 Ignite Poison            Fire/Tmut/Pois 0%         N/A       71%         3
 Spider Form              Tmut/Pois      0%         N/A       71%         3
 Anguish                  Hex/Necr       0%         N/A       98%         4
 Sticky Flame             Conj/Fire      0%         2d3       98%         4
 Manifold Assault         Tloc           5%         N/A       98%         5


Dungeon Overview and Level Annotations

Branches:
Dungeon (4/15)
 Temple: D:4-7

Altars:

Shops:
D:4 =


Innate Abilities, Weirdness & Mutations

You are too large for most types of armour.
You have claws for hands.
Your natural rate of healing is unusually fast.
You are covered in fur. (AC +1)
You have tough skin. (AC +1)


Message History

You barely miss the adder. You claw the adder.
The adder is severely wounded.
The adder closely misses you.
You claw the adder!
You kill the adder!
An orc comes into view. It is wielding a +0 dagger.
Unknown command.
An orc is nearby!
Found a leather armour.
The orc shouts!
You hear a shout!
An orc priest comes into view. It is wielding a +0 short sword.
An orc comes into view. It is wielding a +0 dagger.
You claw the orc!
You kill the orc!
The orc priest mumbles some strange prayers to Beogh against you.
Beogh smites you!
You hear a shout!
You hear a bark!
A centaur comes into view.
A centaur is nearby!
The centaur wields a +0 shortbow.
The centaur shoots an arrow.
The arrow hits you!
You scratch the orc priest but do no damage.
The centaur shoots an arrow.
The arrow hits you!
You scratch the orc.
The orc is almost dead.
The centaur shoots an arrow.
The arrow barely misses you.
The orc priest calls upon Beogh to heal the orc.
The orc is healed somewhat.
The orc closely misses you.
The centaur shoots an arrow.
The arrow barely misses you.
The orc priest hits you with a +0 short sword.
The orc priest attacks as you move away!
The orc priest hits you with a +0 short sword.
The centaur shoots an arrow.
The arrow hits you.
* * * LOW HITPOINT WARNING * * *
The centaur shoots an arrow.
The arrow hits you!
* * * LOW HITPOINT WARNING * * *
The orc priest invokes the aid of Beogh against you.
Beogh smites you!
You die...

.....# .. .. .......
#....... . .. ......#
#.[..#. ..#.##.#...# c.....
....#.#.... #o#c.#
#..[...... #o#..#
#......... # #)#..#
##.#.##.#..#. #.
#..o.#####..#......... #..
#.#.o@......#..###.... #...
#.##.#####..#......[##
#....#.##.#####..#..###...#
#.....................###+#
#....#.##.#####..#....#≈≈.≈
#....#..............#.#≈⌠.⌠
#....####.#####..#....+..∩.
#....# #........<.....#≈⌠.⌠
#....# ##.#...........#≈≈.≈


You could see a centaur, an orc priest and an orc.

Vanquished Creatures
  A centaur (D:3)
  A phantom (D:4)
  Robin (D:2)
  4 gnolls (D:4)
  5 adders
  2 worms
  A dart slug (D:1)
  5 orcs
  3 ball pythons
  10 endoplasms
  3 giant cockroaches
  12 goblins
  9 hobgoblins
  2 jackals (D:3)
  2 quokkas
  2 bats
  A frilled lizard (D:3)
  A kobold (D:1)
  5 rats
70 creatures vanquished.

Notes
Turn   | Place    | Note
-------+----------+-------------------------------------------
     0 | D:1      | dohliylev the Troll Warper began the quest for the Orb.
     0 | D:1      | Reached XP level 1. HP: 19/19 MP: 1/1
   126 | D:1      | Reached XP level 2. HP: 22/27 MP: 2/2
   129 | D:1      | Learned a level 2 spell: Blink
   617 | D:2      | Reached XP level 3. HP: 21/33 MP: 4/4
   662 | D:2      | Noticed Robin
   699 | D:2      | Killed Robin
   700 | D:2      | Reached skill level 3 in Unarmed Combat
   925 | D:2      | Found a faded altar of an unknown god.
   940 | D:2      | Reached XP level 4. HP: 42/42 MP: 5/5
  1902 | D:3      | Noticed a centaur
  1915 | D:3      | Killed a centaur
  1916 | D:3      | Reached skill level 4 in Unarmed Combat
  1916 | D:3      | Reached XP level 5. HP: 34/49 MP: 6/6
  2187 | D:4      | Found Usabam's Jewellery Shoppe.
  2199 | D:4      | Noticed a phantom
  2206 | D:4      | Killed a phantom
  2207 | D:4      | Reached skill level 5 in Unarmed Combat
  2207 | D:4      | Reached XP level 6. HP: 57/57 MP: 7/7
  2400 | D:4      | Killed from afar by an orc priest

Illustrated notes

Levels and vault maps discovered:
D:1:      lightli_arrival_chessboard, layout_basic, nrook_mini_vaults
D:2:      layout_loops_cross, shapermc_ecumenical_altar_notcrosses,
          minmay_misc_feat_pillars, uniq_robin
D:3:      layout_basic, solitary_fountain, chequers_serial_rivers_room_b
D:4:      layout_basic, grunt_temple_overflow_open, serial_shops,
          kennysheep_little_box

Skill      XL: |  1  2  3  4  5 |
---------------+----------------+-----
Dodging        | 2 |  2.9
Unarmed Combat | 3 4 5 |  5.3
Fighting       | 2 |  2.1
Throwing       | |  0.8
Spellcasting   | |  1.4
Translocations | |  2.4

Action                   |  1- 3 |  4- 6 || total
-------------------------+-------+-------++-------
Melee: Unarmed           |    93 |    88 ||   181
       Punch             |     2 |     5 ||     7
Armor: Robe              |    19 |    27 ||    46
Dodge: Dodged            |    50 |    43 ||    93

Table legend: (Time is in decaauts)
 A = Elapsed time spent in this place.
 B = Non-inter-level travel time spent in this place.
 C = Inter-level travel time spent in this place.
 D = Time resting spent in this place.
 E = Time spent auto-exploring this place.
 F = Levels seen in this place.
 G = Mean time per level.
                   A        B        C        D        E       F      G
               +--------+--------+--------+--------+--------+-----+--------+
         Total |   2390 |   2338 |     52 |     61 |   1740 |   4 |  597.5 |
       Dungeon |   2390 |   2338 |     52 |     61 |   1740 |   4 |  597.5 |
               +--------+--------+--------+--------+--------+-----+--------+

Top non-repeatable levels by time:
     D:3: 889 daAuts
     D:2: 670 daAuts
     D:1: 592 daAuts
     D:4: 237 daAuts
